Map: Glittering Ashes LE

Players

SWPro

  • Race: Protoss Protoss
  • League: Master

Kaaris - Winner!

  • Race: Zerg Zerg
  • League: Master

VOD

Have the link to the VOD?

Description

Time

  • Played on: Nov. 12, 2021, 6:32 p.m.
  • Length: 12:07
Show
View Real Time Build Order
Export as new Build Order

SWPro Protoss 

Build Orders:  

Get SALT Encoding   

  12  0:00  Probe  
  13  0:12  Probe  
  14  0:18  Pylon  
  14  0:24  Probe (Chrono Boost)  
  15  0:36  Probe (Chrono Boost)  
  15  0:38  Forge  
  16  0:45  Probe (Chrono Boost)  
  17  0:51  Probe  
  18  1:08  Pylon  
  18  1:15  Pylon  
  18  1:20  Pylon  
  18  1:22  Probe  
  19  1:27  Photon Cannon  
  19  1:29  Gateway  
  19  1:35  Assimilator  
  19  1:37  Assimilator  
  19  1:40  Probe  
  20  1:57  Probe, Photon Cannon  
  21  2:09  Probe  
  22  2:21  Probe, Cybernetics Core  
  22  2:22  Zealot (Chrono Boost)  
  25  2:33  Probe  
  26  2:40  Pylon  
  26  2:45  Probe  
  27  2:57  Probe  
  28  3:01  Photon Cannon  
  28  3:06  Pylon  
  28  3:08  Shield Battery  
  28  3:10  Probe  
  29  3:21  Photon Cannon  
  29  3:24  Photon Cannon  
  30  3:32  Robotics Facility  
  29  3:34  Shield Battery  
  29  3:42  Photon Cannon  
  29  3:49  Pylon  
  29  3:59  Photon Cannon  
  29  4:20  Immortal (Chrono Boost)  
  31  4:39  Pylon  
  31  4:44  Immortal (Chrono Boost)  
  31  4:45  Pylon  
  34  5:16  Warp Prism  
  36  5:48  Pylon  
  36  5:58  Observer  
  37  6:10  Shield Battery  
  37  6:13  Shield Battery  
  37  6:14  Shield Battery  
  37  6:20  Immortal (Chrono Boost)  
  41  6:47  Shield Battery  
  41  6:49  Robotics Facility  
  41  6:50  Shield Battery  
  41  6:54  Immortal (Chrono Boost)  
  45  7:09  Probe  
  46  7:19  Pylon  
  46  7:23  Pylon  
  46  7:42  Immortal (Chrono Boost)  
  54  7:47  Immortal (Chrono Boost)  
  53  8:18  Immortal (Chrono Boost)  
  55  8:37  Nexus  
  55  10:13  Nexus  
  55  10:24  Observer  
Show
View Real Time Build Order
Export as new Build Order

Kaaris Zerg - Winner!

Build Orders: Hatch First, Ravager All-In 

Get SALT Encoding   

  12  0:00  Drone  
  13  0:12  Overlord  
  13  0:16  Drone  
  14  0:30  Drone x2  
  14  0:35  Drone  
  17  0:51  Hatchery  
  17  0:55  Drone  
  17  0:58  Drone  
  18  1:10  Extractor  
  17  1:13  Spawning Pool  
  17  1:17  Drone  
  17  1:19  Drone  
  18  1:27  Drone  
  19  1:36  Extractor  
  18  1:41  Drone  
  19  1:49  Drone  
  20  2:00  Overlord  
  21  2:03  Roach Warren  
  20  2:08  Hatchery  
  20  2:11  Spine Crawler  
  18  2:19  Queen  
  20  2:25  Drone  
  21  2:44  Roach x3  
  27  3:10  Ravager x3  
  30  3:17  Overlord  
  30  3:22  Roach  
  32  3:27  Queen  
  32  3:32  Roach  
  36  3:35  Queen  
  36  3:37  Overlord  
  38  3:46  Ravager  
  38  3:47  Roach  
  41  3:55  Ravager  
  42  3:57  Drone x3  
  45  4:11  Ravager  
  45  4:14  Queen  
  48  4:29  Overlord  
  48  4:50  Queen  
  48  4:52  Roach x2  
  54  4:57  Overlord x2  
  48  5:07  Roach  
  48  5:08  Roach  
  52  5:16  Ravager x2  
  54  5:27  Lair  
  54  5:33  Roach x2  
  54  5:34  Roach  
  60  5:41  Ravager  
  59  5:55  Ravager  
  60  6:02  Overlord  
  61  6:11  Ravager  
  61  6:26  Hatchery  
  61  6:27  Metabolic Boost  
  57  6:48  Drone  
  58  6:56  Zergling x2  
  58  6:57  Zergling x14  
  58  6:58  Nydus Network  
  61  7:10  Spine Crawler  
  61  7:12  Spine Crawler  
  59  7:35  Nydus Canal  
  59  7:41  Roach x3  
  63  7:59  Nydus Canal  
  63  8:00  Drone x3  
  66  8:10  Drone  
  66  8:11  Drone  
  68  8:16  Zergling x2, Queen  
  69  8:48  Drone x2  
  69  8:49  Drone  
  72  8:58  Spire  
  69  9:18  Drone x2, Extractor x2  
  63  9:38  Drone x2  
  65  9:47  Hatchery  
  62  10:01  Drone x9  
  71  10:07  Lair  
  65  10:38  Extractor  
  65  10:39  Drone x4  
  68  11:08  Mutalisk x2  
  68  11:09  Mutalisk x4  
  78  11:26  Mutalisk  
  80  11:37  Drone x3  
  83  11:41  Overlord  
Tags
 
Add a new tag
Caveats
  • Supply blocks, unpowered buildings, or Contaminate may cause inaccurate times.
  • Supply counts are checked every 10 seconds.